 Dungeon Crawl Stone Soup version 0.31-a0-1002-g8e65716e6e (webtiles) character file.

Game seed: 14933861511291260492

16 Gargoyl the Trooper (level 2, 0/19 HPs)
             Began as a Gargoyle Berserker on Nov 9, 2023.
             Was a Follower of Trog.
             Engulfed by a cloud of flame (19 damage)
             ... on level 1 of the Dungeon.
             The game lasted 00:01:02 (853 turns).

Gargoyl the Trooper (Gargoyle Berserker)             Turns: 853, Time: 00:01:03

Health: 0/19       AC:  6    Str: 20    XL:     2   Next: 58%
Magic:  2/2        EV: 12    Int:  7    God:    Trog [*.....]
Gold:   9          SH:  0    Dex:  9    Spells: 1/1 levels left

rFire   . . .        a - +0 hand axe
rCold   . . .        (no shield)
rNeg    + . .        b - +0 animal skin
rPois   ∞            (no helmet)
rElec   +            (no cloak)
rCorr   .            d - +0 pair of gloves
SInv    .            (no boots)
Will    .....        (no amulet)
Stlth   +            (no ring)
HPRegen 0.23/turn    (no ring)
MPRegen 0.08/turn

%: no passive effects
@: no status effects
A: sickness immunity, AC +2, negative energy resistance 1, electricity
resistance, torment resistance 1, petrification resistance
a: Renounce Religion, Berserk


You were on level 1 of the Dungeon.
You worshipped Trog.
Trog was aware of your devotion.
You visited 1 branch of the dungeon, and saw 1 of its levels.

You collected 9 gold pieces.

Inventory:

Hand Weapons
 a - a +0 hand axe (weapon)
Armour
 b - a +0 animal skin (worn)
 d - a +0 pair of gloves (worn)
Scrolls
 c - a scroll of enchant armour {unknown}
Potions
 e - a potion of berserk rage {unknown}


   Skills:
 + Level 3.5 Fighting
 + Level 3.2 Axes
 + Level 2.2 Armour
 + Level 1.7 Dodging


You had one spell level left.
You didn't know any spells.
Your spell library was empty.

Dungeon Overview and Level Annotations

Branches:
Dungeon (1/15)

Altars:


Innate Abilities, Weirdness & Mutations

You are immune to sickness and miasma.
Your stone body is resilient. (AC +2)
You are immune to poison.
You resist negative energy. (rN+)
You are resistant to electric shocks. (rElec)
You are resistant to unholy torment.
You are immune to petrification.


Message History

You hit the goblin.
The goblin is moderately wounded.
The goblin hits you but does no damage. The goblin hits you with a +0 dagger.
You barely miss the goblin.
The goblin is moderately wounded.
The goblin hits you but does no damage.
You closely miss the goblin.
The goblin is moderately wounded.
The goblin hits you but does no damage.
You closely miss the goblin.
The goblin is moderately wounded.
The goblin hits you but does no damage.
You completely miss the goblin.
The goblin is moderately wounded.
The goblin hits you but does no damage.
You slash the goblin!
You kill the goblin!
Trog accepts your kill.
Things that are here:
a +0 dagger; a goblin corpse
Things that are here:
a +0 dagger; a goblin corpse A giant cockroach comes into view.
A giant cockroach is nearby!
You hit the giant cockroach.
You kill the giant cockroach!
Trog accepts your kill.
You see here a rat corpse.
There is an empty arch of ancient stone here.
There is an empty arch of ancient stone here.
Key pressed, stopping explore.
There is a shaft here.
You open the door.
Partly explored, can't reach some items and places.
Partly explored, can't reach some items and places.
Partly explored, can't reach some items and places.
Partly explored, can't reach some items and places.
You are engulfed in blazing flames.
Ouch! That really hurt!
You die...

#...........#.#.##..#.#.####.
#.............#.##..#........
#####.......#.#.##.^###......
#.......#.#.....########.
#.......#.####......# #.
#.......#.# ######.# ##
#.......#.## ####.#
#..#####...# #....# #..#
#@§§# ##.### #..# #☼§§# #.#
#..# #§☼§# #.#
#..#####...######.#
##..§....$..☼☼○...#
#..☼○§..$$.§○§..##
##.°§...$..§§§..#
#####...#####.# #..!# #.#


There were no monsters in sight!

Vanquished Creatures
  A ball python (D:1)
  2 endoplasms (D:1)
  A giant cockroach (D:1)
  A goblin (D:1)
  2 hobgoblins (D:1)
  3 bats (D:1)
  A frilled lizard (D:1)
  A kobold (D:1)
  4 rats (D:1)
16 creatures vanquished.

Notes
Turn   | Place    | Note
-------+----------+-------------------------------------------
     0 | D:1      | Gargoyl the Gargoyle Berserker began the quest for the Orb.
     0 | D:1      | Reached XP level 1. HP: 14/14 MP: 1/1
   222 | D:1      | Reached XP level 2. HP: 19/19 MP: 2/2
   853 | D:1      | Engulfed by a cloud of flame

Illustrated notes

Levels and vault maps discovered:
D:1:      nzn_arrival_settlement, layout_basic, chequers_serial_rivers_room_b,
          lemuel_flame_loot_1

Skill      XL: |  1 |
---------------+----+-----
Axes           | 3 |  3.2
Fighting       | |  3.5
Armour         | |  2.2
Dodging        | |  1.7

Action                     || total
---------------------------++-------
  Melee: Hand axe          ||    49
 Invoke: Berserk           ||     1
 Armour: Animal skin       ||    33
  Dodge: Dodged            ||    34

Table legend: (Time is in decaauts)
 A = Elapsed time spent in this place.
 B = Non-inter-level travel time spent in this place.
 C = Inter-level travel time spent in this place.
 D = Time resting spent in this place.
 E = Time spent auto-exploring this place.
 F = Levels seen in this place.
 G = Mean time per level.
                   A        B        C        D        E       F      G
               +--------+--------+--------+--------+--------+-----+--------+
         Total |    867 |    813 |     54 |      0 |    633 |   1 |  867.0 |
       Dungeon |    867 |    813 |     54 |      0 |    633 |   1 |  867.0 |
               +--------+--------+--------+--------+--------+-----+--------+

Top non-repeatable levels by time:
     D:1: 867 daAuts
